 Dungeon Crawl Stone Soup version 0.31-a0-232-gb1c03b2570 (webtiles) character file.

Game seed: 2561350993853146852

123 qw the Shooter (level 4, 0/37 HPs)
             Began as a Minotaur Hexslinger on July 7, 2023.
             Slain by a gnoll
             ... wielding a +0 club
              (6 damage)
             ... on level 3 of the Dungeon.
             The game lasted 00:00:38 (2014 turns).

qw the Shooter (Minotaur Hexslinger)                Turns: 2014, Time: 00:00:39

Health: 0/37       AC:  6    Str: 12    XL:     4   Next: 79%
Magic:  4/4        EV: 12    Int: 10    God:
Gold:   150        SH:  0    Dex: 15    Spells: 4/5 levels left

rFire   . . .        Y - +1 sling
rCold   . . .        (no shield)
rNeg    . . .        d - +3 leather armour
rPois   .            (helmet restricted)
rElec   .            (no cloak)
rCorr   .            (no gloves)
SInv    .            (no boots)
Will    .....        (no amulet)
Stlth   +            (no ring)
HPRegen 0.26/turn    (no ring)
MPRegen 0.09/turn

%: no passive effects
@: no status effects
A: horns 2, retaliatory headbutt
a: no special abilities


You were on level 3 of the Dungeon.
You visited 1 branch of the dungeon, and saw 3 of its levels.

You collected 150 gold pieces.


Innate Abilities, Weirdness & Mutations

You have a pair of horns on your head.
You reflexively headbutt those who attack you in melee.


   Skills:
 + Level 2.7 Fighting
 - Level 5.0 Ranged Weapons
 - Level 2.1 Dodging
 - Level 1.0 Spellcasting
 - Level 2.0 Hexes


You had 4 spell levels left.
You knew the following spells:

 Your Spells              Type           Power      Damage    Failure   Level
a - Slow                  Hex            16%        N/A       19%         1

Your spell library contained the following spells:

 Spells                   Type           Power      Damage    Failure   Level
 Inner Flame              Hex/Fire       2%         N/A       65%         3
 Portal Projectile        Hex/Tloc       4%         N/A       65%         3
 Cause Fear               Hex            2%         N/A       88%         4

Inventory:

Hand Weapons
 Y - a +1 sling (weapon)
Armour
 d - a +3 leather armour (worn)
Jewellery
 a - a ring of fire
Scrolls
 h - 2 scrolls of identify
Potions
 e - a potion of curing
 i - a potion of enlightenment {unknown}

Dungeon Overview and Level Annotations

Branches:
Dungeon (3/15)

Altars:


Message History

The gnoll closely misses you.
You shoot a sling bullet. The sling bullet hits the gnoll.
You kill the gnoll!
A gnoll comes into view. It is wielding a +0 whip.
The gnoll hits you but does no damage.
You shoot a sling bullet.
The sling bullet barely misses the gnoll.
You shoot a sling bullet. The sling bullet hits the gnoll.
The gnoll is lightly wounded.
The gnoll hits you but does no damage. The gnoll hits you with a +0 club.
The gnoll hits you with a +0 whip! The gnoll hits you but does no damage.
You shoot a sling bullet. The sling bullet hits the gnoll.
The gnoll is moderately wounded.
The gnoll hits you with a +0 whip. The gnoll misses you.
The gnoll barely misses you.
You shoot a sling bullet.
The sling bullet hits the gnoll but does no damage.
The gnoll is moderately wounded.
The gnoll hits you but does no damage. x2; The gnoll misses you.
You shoot a sling bullet.
The sling bullet hits the gnoll but does no damage.
The gnoll is moderately wounded.
The gnoll barely misses you. x2; The gnoll hits you but does no damage.
You shoot a sling bullet. The sling bullet hits the gnoll.
The gnoll is heavily wounded.
The gnoll hits you with a +0 whip. The gnoll hits you with a +0 club.
The gnoll barely misses you.
You shoot a sling bullet. The sling bullet hits the gnoll.
The gnoll is almost dead.
The gnoll hits you with a +0 whip. The gnoll hits you with a +0 club.
The gnoll barely misses you.
You shoot a sling bullet.
The sling bullet hits the gnoll but does no damage.
The gnoll is almost dead.
The gnoll misses you. The gnoll closely misses you.
The gnoll hits you with a +0 club. The gnoll closely misses you.
You furiously retaliate!
You headbutt the gnoll. The gnoll completely misses you.
You furiously retaliate!
You headbutt the gnoll. The gnoll hits you with a +0 club.
You die...

####...# #.....####
#........#
#....#...# #
#....#...# ...
#....#...# ..
#....##.## # #
#....##.# #.#
######....##@### ...
...........ggg......
###
########.....####..#
########...........(
.........##..#######
.#####.......## .#
###.###....#
.####........#..
..>##........####


You could see 3 gnolls.

Vanquished Creatures
  A hound (D:2)
  A gnoll (D:3)
  3 adders (D:2)
  A worm (D:3)
  4 dart slugs
  4 ball pythons
  3 bats
  5 endoplasms
  2 giant cockroaches (D:2)
  4 goblins
  6 hobgoblins
  A kobold (D:1)
  3 quokkas
  3 frilled lizards
  4 rats
45 creatures vanquished.

Notes
Turn   | Place    | Note
-------+----------+-------------------------------------------
     0 | D:1      | qw the Minotaur Hexslinger began the quest for the Orb.
     0 | D:1      | Reached XP level 1. HP: 16/16 MP: 1/1
     0 | D:1      | 0 ||| qw: Version: 0.3-a-46-gb1f654a
     0 | D:1      | 0 ||| qw: Game counter: 2641
     0 | D:1      | 0 ||| qw: Melee chars always use a shield: true
     0 | D:1      | 0 ||| qw: God list: Okawaru
     0 | D:1      | 0 ||| qw: Allow faded altars: false
     0 | D:1      | 0 ||| qw: Do Orc after clearing Dungeon:15 true
     0 | D:1      | 0 ||| qw: Do second Lair branch before Depths: true
     0 | D:1      | 0 ||| qw: Lair rune preference: random
     0 | D:1      | 0 ||| qw: Goals: Normal
     0 | D:1      | 0 ||| PLANNING D:1-11
   110 | D:1      | Reached skill level 3 in Ranged Weapons
   110 | D:1      | Reached XP level 2. HP: 16/23 MP: 2/2
   880 | D:1      | 880 ||| UPGRADING to +3 leather armour.
   890 | D:1      | 890 ||| DROPPING +0 robe.
   891 | D:1      | 891 ||| READING scroll labelled GURPHE XONWOH.
   894 | D:1      | 894 ||| READING scroll labelled TASIYN XEYSU.
   895 | D:1      | 895 ||| READING 2 scrolls labelled ELARPH ZIYCUMPU.
   896 | D:1      | 896 ||| DRINKING 2 inky potions.
   897 | D:1      | 897 ||| DROPPING scroll of poison.
  1015 | D:2      | Reached XP level 3. HP: 15/29 MP: 3/3
  1100 | D:2      | Reached skill level 4 in Ranged Weapons
  1190 | D:2      | 1190 ||| FLEEEEING.
  1191 | D:2      | 1191 ||| FLEEEEING.
  1376 | D:2      | Reached XP level 4. HP: 36/36 MP: 4/4
  1834 | D:3      | 1834 ||| STAIRDANCE
  1839 | D:2      | Reached skill level 5 in Ranged Weapons
  2013 | D:3      | HP: 8/37 [gnoll/+0 club (2)]
  2014 | D:3      | Slain by a gnoll

Levels and vault maps discovered:
D:1:      dpeg_arrival_tiny_d, layout_loops_corners, minmay_octomino_e4
D:2:      layout_basic
D:3:      layout_rooms

Skill      XL: |  1  2  3  4 |
---------------+-------------+-----
Ranged Weapons | 3 4 5 |  5.0
Fighting       | 2 |  2.7
Dodging        | |  2.1
Spellcasting   | |  1.0
Hexes          | |  2.0

Action                     |  1- 3 |  4- 6 || total
---------------------------+-------+-------++-------
   Fire: Sling             |   100 |    45 ||   145
    Use: Scroll            |     3 |       ||     3
         Potion            |     1 |       ||     1
 Armour: Robe              |     3 |       ||     3
         Leather armour    |    12 |    12 ||    24
  Dodge: Dodged            |    29 |    19 ||    48

Table legend:
 A = Non-vault XP
 B = Vault XP
 C = Vault XP percentage of total XP
 D = Non-vault monster count
 E = Vault monster count
 F = Vault count percentage of total count
                 A         B        C        D         E       F
            +---------+---------+-------+---------+---------+-------
      Total |     170 |       6 |   3.4 |      41 |       4 |   8.9
            +---------+---------+-------+---------+---------+-------
        D:1 |      21 |       6 |  22.2 |      11 |       4 |  26.7
        D:2 |     116 |       0 |   0.0 |      21 |       0 |   0.0
        D:3 |      33 |       0 |   0.0 |       9 |       0 |   0.0
            +---------+---------+-------+---------+---------+-------
